AoeStats
← Julix

Glade

510495062Analyzed
1v1 RM · 15h ago on Oct 1, 2026· 57m 19s· 2 players
Game mode
Random Map
Map size
Tiny (2 player)
Population
200
Speed
Normal
Resources
Standard
Victory
Conquest
Starting age
Dark Age
Ending age
Imperial Age
RankedLock teamsTeams togetherTeam positionsShared explorationLock speedFull tech treeHidden civsTurbo modeCheats
Victory
Defeat
🇹🇼 Mongols · Taiwan
1458
+16
🇩🇪 Cumans · Germany
1465
-16
Julix
0:39 Loom
12:21 Feudal Age
16:54 Castle Age
16:44 Double-Bit Axe
17:48 Bow Saw
20:56 Horse Collar
23:45 Fletching
25:13 Bodkin Arrow
27:11 Wheelbarrow
26:22 Town Watch
30:38 Ballistics
35:26 Imperial Age
33:04 Gold Mining
33:40 Scale Barding Armor
33:46 Forging
34:29 Masonry
34:45 Hand Cart
35:12 Bloodlines
35:02 Husbandry
35:30 Padded Archer Armor
37:45 Bracer
38:02 Leather Archer Armor
38:08 Chain Barding Armor
38:21 Parthian Tactics
43:02 Chemistry
43:42 Gold Shaft Mining
42:57 Stone Mining
44:03 Heavy Cavalry Archer
46:56 Chemistry
46:03 Siege Engineers
46:29 Heavy Plow
46:08 Elite Steppe Lancer
48:58 Iron Casting
51:51 Blast Furnace
51:53 Conscription
51:13 Light Cavalry
52:18 Hussar
53:27 Hussar
Tiltstars
3:59 Loom
9:26 Feudal Age
10:00 Double-Bit Axe
10:27 Horse Collar
16:26 Wheelbarrow
19:50 Castle Age
19:13 Man-at-Arms
19:55 Scale Mail Armor
20:05 Long Swordsman
21:15 Gold Mining
21:16 Stone Mining
21:46 Bow Saw
21:43 Heavy Plow
22:16 Arson
23:20 Capped Ram
26:19 Forging
26:47 Chain Mail Armor
29:40 Squires
29:46 Town Watch
33:08 Hand Cart
34:09 Stone Mining
35:01 Town Patrol
35:52 Fletching
38:52 Imperial Age
37:12 Bodkin Arrow
38:48 Padded Archer Armor
40:19 Leather Archer Armor
39:37 Two-Handed Swordsman
40:12 Elite Kipchak
42:02 Conscription
41:40 Pikeman
41:56 Siege Ram
43:16 Ballistics
43:06 Halberdier
45:01 Chemistry
44:13 Masonry
51:26 Two-Man Saw
52:18 Crop Rotation
53:52 Guilds
Connection lost

Rejoining the realm…

Still unreachable

The connection could not be restored.

Session expired

The server has moved on; the page needs a fresh start.